EL
TENNESSEE SMOKIES @ MISSISSIPPI BRAVES
09/05/2044
 
TOP OF THE 1ST
Tennessee Smokies batting - Pitching for Mississippi Braves : RHP Tim Catalano
Pitching: RHP Tim Catalano
Batting: LHB Brent Dutcher 0-0: Ball
1-0: Ball
2-0: Called Strike
2-1: Swinging Strike
2-2: Ball
3-2: Foul Ball, location: 2F
3-2: Strikes out swinging
Batting: RHB Adam Kelliher 0-0: SINGLE (Groundball, 6MD, EV 110.6 MPH)
Batting: RHB Heitaro Tanaka 0-0: Called Strike
0-1: Swinging Strike
0-2: Ball
1-2: SINGLE (Groundball, 34, EV 95.0 MPH)
Adam Kelliher to second
Runner from 2nd tries for 3rd, SAFE, throw by RF made to third
Batting: RHB Bobby Gray 0-0: Fly out, F8 (Flyball, 8LS, EV 81.3 MPH)
Batting: RHB Heef Harted 0-0: Called Strike
0-1: Ball
1-1: Foul Ball, location: 2F
1-2: Fly out, F9 (Flyball, 9LM, EV 80.6 MPH)
Top of the 1st over - 0 runs, 2 hits, 0 errors, 2 left on base; Tennessee 0 - Mississippi 0
BOTTOM OF THE 1ST
Mississippi Braves batting - Pitching for Tennessee Smokies : RHP Mike Borell
Pitching: RHP Mike Borell
Batting: RHB Tim Nettles 0-0: Called Strike
0-1: Ball
1-1: Swinging Strike
1-2: Ground out 5-3 (Groundball, 56, EV 80.0 MPH)
Batting: LHB Davey Schonewille 0-0: Ball
1-0: Ball
2-0: Called Strike
2-1: Fly out, F8 (Flyball, 8LM, EV 89.4 MPH)
Batting: LHB Robby Dann 0-0: Ball
1-0: Ball
2-0: Ball
3-0: Base on Balls
Batting: LHB Raul Guarjardo 0-0: Ball
Robby Dann steals 2nd base
1-0: Ground out 6-3 (Groundball, 6, EV 87.5 MPH)
Bottom of the 1st over - 0 runs, 0 hits, 0 errors, 1 left on base; Tennessee 0 - Mississippi 0
TOP OF THE 2ND
Tennessee Smokies batting - Pitching for Mississippi Braves : RHP Tim Catalano
Batting: SHB Rich Ranaldi 0-0: Fly out, F8 (Flyball, 8RS, EV 91.3 MPH)
Batting: RHB John Iddings 0-0: Foul Ball, location: 2F
0-1: Ground out 5-3 (Groundball, 56S, EV 83.8 MPH)
Batting: RHB Sean Espejo 0-0: Called Strike
0-1: Ground out 6-3 (Groundball, 6, EV 100.0 MPH)
Top of the 2nd over - 0 runs, 0 hits, 0 errors, 0 left on base; Tennessee 0 - Mississippi 0
BOTTOM OF THE 2ND
Mississippi Braves batting - Pitching for Tennessee Smokies : RHP Mike Borell
Batting: RHB Zachary Sidney 0-0: Ball
1-0: Ground out U3 (Groundball, 3S, EV 81.9 MPH)
Batting: RHB Yorkis Saiki 0-0: Ball
1-0: Ball
2-0: Ball
3-0: Called Strike
3-1: Ground out 6-3 (Groundball, 6, EV 82.5 MPH)
Batting: LHB Jon Burgos 0-0: Foul Ball, location: 2F
0-1: Ball
1-1: Ball
2-1: SINGLE (Line Drive, 78S, EV 98.1 MPH)
Batting: RHB Angel Guzman 0-0: Ball
1-0: Fly out, F9 (Line Drive, 9, EV 103.8 MPH)
Bottom of the 2nd over - 0 runs, 1 hit, 0 errors, 1 left on base; Tennessee 0 - Mississippi 0
TOP OF THE 3RD
Tennessee Smokies batting - Pitching for Mississippi Braves : RHP Tim Catalano
Batting: RHB Vij Ramamani 0-0: Called Strike
0-1: Called Strike
0-2: DOUBLE (Line Drive, 8RD, EV 91.9 MPH)
Batting: LHB Brent Dutcher 0-0: Ball
1-0: Ball
2-0: Ball
3-0: Called Strike
3-1: Called Strike
3-2: SINGLE (Groundball, 56S, EV 68.8 MPH) (infield hit)
Vij Ramamani to third
Batting: RHB Adam Kelliher 0-0: Ball
1-0: Called Strike
1-1: Ball
2-1: Called Strike
2-2: Foul Ball, location: 2F
2-2: Strikes out swinging
Batting: RHB Heitaro Tanaka 0-0: Ball
1-0: Called Strike
Brent Dutcher steals 2nd base
1-1: Ball
2-1: Foul Ball, location: 2F
2-2: Ball
3-2: Foul Ball, location: 2F
3-2: Fly out, F6 (Popup, 6S, EV 67.5 MPH)
Batting: RHB Bobby Gray 0-0: Foul Ball, location: 2F
0-1: Ball
1-1: Called Strike
1-2: Fly out, F8 (Flyball, 8LXD, EV 83.8 MPH)
Top of the 3rd over - 0 runs, 2 hits, 0 errors, 2 left on base; Tennessee 0 - Mississippi 0
BOTTOM OF THE 3RD
Mississippi Braves batting - Pitching for Tennessee Smokies : RHP Mike Borell
Batting: RHB Edwin Cota 0-0: Ball
1-0: Foul Ball, location: 2F
1-1: Ball
2-1: Ground out 6-3 (Groundball, 6, EV 105.6 MPH)
Batting: RHB Tim Nettles 0-0: Called Strike
0-1: Ball
1-1: Foul Ball, location: 2F
1-2: Strikes out swinging
Batting: LHB Davey Schonewille 0-0: Ball
1-0: Ball
2-0: Ball
3-0: Base on Balls
Batting: LHB Robby Dann 0-0: Ball
Davey Schonewille steals 2nd base
1-0: Ball
2-0: Ball
3-0: Called Strike
3-1: Foul Ball, location: 2F
3-2: Base on Balls
Batting: LHB Raul Guarjardo 0-0: Called Strike
0-1: Ball
1-1: Ground out U3 (Groundball, 3L, EV 100.0 MPH)
Bottom of the 3rd over - 0 runs, 0 hits, 0 errors, 2 left on base; Tennessee 0 - Mississippi 0
TOP OF THE 4TH
Tennessee Smokies batting - Pitching for Mississippi Braves : RHP Tim Catalano
Batting: RHB Heef Harted 0-0: Called Strike
0-1: Fly out, F9 (Flyball, 9LS, EV 81.9 MPH)
Batting: SHB Rich Ranaldi 0-0: Ball
1-0: Foul Ball, location: 2F
1-1: Foul Ball, location: 2F
1-2: Ball
2-2: Foul Ball, location: 2F
2-2: Ball
3-2: Strikes out swinging
Batting: RHB John Iddings 0-0: Called Strike
0-1: Ground out U3 (Groundball, 3, EV 103.8 MPH)
Top of the 4th over - 0 runs, 0 hits, 0 errors, 0 left on base; Tennessee 0 - Mississippi 0
BOTTOM OF THE 4TH
Mississippi Braves batting - Pitching for Tennessee Smokies : RHP Mike Borell
Batting: RHB Zachary Sidney 0-0: Ball
1-0: SINGLE (Groundball, 6MS, EV 68.8 MPH) (infield hit)
Batting: RHB Yorkis Saiki 0-0: Grounds into double play, 6-4-3 (Groundball, 6, EV 89.4 MPH)
Batting: LHB Jon Burgos 0-0: Ball
1-0: Ball
2-0: Ball
3-0: Base on Balls
Batting: RHB Angel Guzman 0-0: Ball
1-0: Called Strike
1-1: Ball
2-1: Ball
3-1: Swinging Strike
3-2: Foul Ball, location: 2F
3-2: DOUBLE (Line Drive, 89D, EV 103.8 MPH)
Jon Burgos to third
Jon Burgos scores
Batting: RHB Edwin Cota 0-0: Ball
1-0: Foul Ball, location: 2F
1-1: Called Strike
1-2: Foul Ball, location: 2F
1-2: Ball
2-2: Ball
3-2: Foul Ball, location: 2F
3-2: Foul Ball, location: 2F
3-2: Strikes out swinging
Bottom of the 4th over - 1 run, 2 hits, 0 errors, 1 left on base; Tennessee 0 - Mississippi 1
TOP OF THE 5TH
Tennessee Smokies batting - Pitching for Mississippi Braves : RHP Tim Catalano
Batting: RHB Sean Espejo 0-0: Ball
1-0: Called Strike
1-1: Ball
2-1: Foul Ball, location: 2F
2-2: Strikes out swinging
Pitching: RHP Jonathan Jacquez
Batting: RHB Vij Ramamani 0-0: Called Strike
0-1: Ball
1-1: Ball
2-1: Ground out 4-3 (Groundball, 4M, EV 105.0 MPH)
Batting: LHB Brent Dutcher 0-0: Ball
1-0: Called Strike
1-1: Foul Ball, location: 2F
1-2: Hit by Pitch
Batting: RHB Adam Kelliher 0-0: Ball
Brent Dutcher steals 2nd base
1-0: DOUBLE (Flyball, 78D, EV 101.3 MPH)
Brent Dutcher scores
Batting: RHB Heitaro Tanaka 0-0: Ball
1-0: SINGLE (Groundball, 4MD, EV 95.6 MPH)
Adam Kelliher to third
Runner from 3rd tries for Home, SAFE, throw by CF to home
Heitaro Tanaka to second
Batting: RHB Bobby Gray 0-0: Called Strike
0-1: Ball
1-1: Ball
2-1: Fly out, F9 (Flyball, 89D, EV 74.4 MPH)
Top of the 5th over - 2 runs, 2 hits, 0 errors, 1 left on base; Tennessee 2 - Mississippi 1
BOTTOM OF THE 5TH
Mississippi Braves batting - Pitching for Tennessee Smokies : RHP Mike Borell
Batting: RHB Tim Nettles 0-0: Called Strike
0-1: Foul Ball, location: 2F
0-2: Ground out 6-3 (Groundball, 6, EV 98.1 MPH)
Batting: LHB Davey Schonewille 0-0: Ball
1-0: Ball
2-0: Foul Ball, location: 2F
2-1: Called Strike
2-2: Foul Ball, location: 2F
2-2: Ball
3-2: Foul Ball, location: 2F
3-2: Fly out, F7 (Flyball, 78M, EV 96.3 MPH)
Batting: LHB Robby Dann 0-0: Ball
1-0: Called Strike
1-1: Foul Ball, location: 2F
1-2: Foul Ball, location: 2F
1-2: Ball
2-2: Foul Ball, location: 2F
2-2: Ball
3-2: Ground out U3 (Groundball, 3, EV 100.6 MPH)
Bottom of the 5th over - 0 runs, 0 hits, 0 errors, 0 left on base; Tennessee 2 - Mississippi 1
TOP OF THE 6TH
Tennessee Smokies batting - Pitching for Mississippi Braves : RHP Jonathan Jacquez
Batting: RHB Heef Harted 0-0: Ball
1-0: Called Strike
1-1: Called Strike
1-2: Foul Ball, location: 2F
1-2: Ball
2-2: Strikes out swinging
Pitching: RHP Nate Davis
Batting: SHB Rich Ranaldi 0-0: Ball
1-0: Foul Ball, location: 2F
1-1: Ball
2-1: Ground out 6-3 (Groundball, 6M, EV 107.5 MPH)
Batting: RHB John Iddings 0-0: Called Strike
0-1: Ball
1-1: Swinging Strike
1-2: Ball
2-2: Ball
3-2: Base on Balls
Batting: RHB Sean Espejo 0-0: Ball
1-0: Called Strike
1-1: Fielders Choice at 2nd, 6-4 (Groundball, 6, EV 82.5 MPH)
Top of the 6th over - 0 runs, 0 hits, 0 errors, 1 left on base; Tennessee 2 - Mississippi 1
BOTTOM OF THE 6TH
Mississippi Braves batting - Pitching for Tennessee Smokies : RHP Mike Borell
Batting: LHB Raul Guarjardo 0-0: Ball
1-0: Foul Ball, location: 2F
1-1: Ground out 4-3 (Groundball, 34, EV 85.0 MPH)
Batting: RHB Zachary Sidney 0-0: Foul Ball, location: 2F
0-1: Foul Ball, location: 2F
0-2: Ground out 4-3 (Groundball, 34, EV 104.4 MPH)
Batting: RHB Yorkis Saiki 0-0: Swinging Strike
0-1: Foul Ball, location: 2F
0-2: Ball
1-2: Ground out 4-3 (Groundball, 4, EV 86.3 MPH)
Bottom of the 6th over - 0 runs, 0 hits, 0 errors, 0 left on base; Tennessee 2 - Mississippi 1
TOP OF THE 7TH
Tennessee Smokies batting - Pitching for Mississippi Braves : RHP Nate Davis
Pitching: LHP Benjamin Pater
Batting: RHB Vij Ramamani 0-0: Called Strike
0-1: Ground out U3 (Groundball, 3, EV 85.6 MPH)
Batting: LHB Brent Dutcher 0-0: Ball
1-0: Called Strike
1-1: Ball
2-1: Foul Ball, location: 2F
2-2: Ball
3-2: Strikes out swinging
Batting: RHB Adam Kelliher 0-0: Called Strike
0-1: Ball
1-1: Ball
2-1: Swinging Strike
2-2: Strikes out swinging
Top of the 7th over - 0 runs, 0 hits, 0 errors, 0 left on base; Tennessee 2 - Mississippi 1
BOTTOM OF THE 7TH
Mississippi Braves batting - Pitching for Tennessee Smokies : RHP Mike Borell
Batting: LHB Jon Burgos 0-0: Fly out, F8 (Flyball, 8LXD, EV 92.5 MPH)
Batting: RHB Angel Guzman 0-0: SINGLE (Groundball, 56D, EV 96.3 MPH)
Pitching: RHP Bob Gilliam
Batting: RHB Edwin Cota 0-0: Called Strike
0-1: Foul Ball, location: 2F
0-2: Strikes out looking
Batting: RHB Tim Nettles 0-0: Called Strike
0-1: Ball
1-1: Ball
2-1: Called Strike
2-2: Fly out, F7 (Flyball, 78M, EV 94.4 MPH)
Bottom of the 7th over - 0 runs, 1 hit, 0 errors, 1 left on base; Tennessee 2 - Mississippi 1
TOP OF THE 8TH
Tennessee Smokies batting - Pitching for Mississippi Braves : LHP Benjamin Pater
Pitching: LHP Enrique Lopez
Batting: RHB Heitaro Tanaka 0-0: Ball
1-0: Swinging Strike
1-1: SINGLE (Groundball, 13S, EV 72.5 MPH) (infield hit)
Batting: RHB Bobby Gray 0-0: Ball
1-0: Swinging Strike
1-1: Ball
2-1: Swinging Strike
2-2: Fly out, F7 (Flyball, 78M, EV 87.5 MPH)
Batting: RHB Heef Harted 0-0: Ball
1-0: Foul Ball, location: 2F
1-1: Ball
2-1: Swinging Strike
2-2: Foul Ball, location: 2F
2-2: Foul Ball, location: 2F
2-2: Ball
3-2: Foul Ball, location: 2F
3-2: Base on Balls
Heitaro Tanaka to second
Batting: SHB Rich Ranaldi 0-0: Called Strike
0-1: Ground out 5-3 (Groundball, 5L, EV 87.5 MPH)
Heitaro Tanaka to third
Heef Harted to second
Batting: RHB John Iddings 0-0: Ball
1-0: Ball
2-0: SINGLE (Groundball, 6MD, EV 96.3 MPH)
Heitaro Tanaka scores
Heef Harted to third
Runner from 3rd tries for Home, SAFE, throw by CF to home
John Iddings to second
Batting: RHB Sean Espejo 0-0: SINGLE (Groundball, 56S, EV 63.8 MPH) (infield hit)
John Iddings to third
Batting: RHB Vij Ramamani 0-0: Swinging Strike
0-1: Called Strike
0-2: Foul Ball, location: 2F
0-2: Foul Ball, location: 2F
0-2: Ground out U3 (Groundball, 3, EV 84.4 MPH)
Top of the 8th over - 2 runs, 3 hits, 0 errors, 2 left on base; Tennessee 4 - Mississippi 1
BOTTOM OF THE 8TH
Mississippi Braves batting - Pitching for Tennessee Smokies : RHP Bob Gilliam
Batting: LHB Davey Schonewille 0-0: DOUBLE (Flyball, 78XD, EV 101.3 MPH)
Batting: LHB Robby Dann 0-0: Ball
1-0: Ball
2-0: Called Strike
2-1: Fly out, F4 (Flyball, 4MD, EV 93.8 MPH)
Batting: LHB Raul Guarjardo 0-0: Called Strike
0-1: Foul Ball, location: 2F
0-2: Ball
1-2: Ball
2-2: Ground out 5-3 (Groundball, 56S, EV 69.4 MPH)
Davey Schonewille to third
Pitching: LHP Nate George
Batting: RHB Zachary Sidney 0-0: Called Strike
0-1: Foul Ball, location: 2F
0-2: Ground out 5-3 (Groundball, 56S, EV 67.5 MPH)
Bottom of the 8th over - 0 runs, 1 hit, 0 errors, 1 left on base; Tennessee 4 - Mississippi 1
TOP OF THE 9TH
Tennessee Smokies batting - Pitching for Mississippi Braves : LHP Enrique Lopez
Batting: LHB Brent Dutcher 0-0: Ball
1-0: Ground out 5-3 (Groundball, 5, EV 85.6 MPH)
Batting: RHB Adam Kelliher 0-0: Called Strike
0-1: Foul Ball, location: 2F
0-2: Strikes out swinging
Batting: RHB Heitaro Tanaka 0-0: Called Strike
0-1: Ball
1-1: Called Strike
1-2: Foul Ball, location: 2F
1-2: Strikes out swinging
Top of the 9th over - 0 runs, 0 hits, 0 errors, 0 left on base; Tennessee 4 - Mississippi 1
BOTTOM OF THE 9TH
Mississippi Braves batting - Pitching for Tennessee Smokies : LHP Nate George
Batting: RHB Yorkis Saiki 0-0: Ball
1-0: SINGLE (Groundball, 4MD, EV 98.1 MPH)
Batting: LHB Jon Burgos 0-0: Called Strike
0-1: Ball
1-1: Foul Ball, location: 2F
1-2: Ball
2-2: Foul Ball, location: 2F
2-2: Grounds out, U3 (Groundball, 3L, EV 102.5 MPH)
Batting: RHB Angel Guzman 0-0: Ball
1-0: Foul Ball, location: 2F
1-1: Swinging Strike
1-2: Strikes out swinging
Pinch Hitting: LHB Jeremy Larson 0-0: Called Strike
0-1: Ball
1-1: Ball
2-1: Ball
3-1: Base on Balls
Batting: RHB Tim Nettles 0-0: Ball
1-0: Ball
2-0: Ground out 1-3 (Groundball, 13S, EV 70.6 MPH)
Bottom of the 9th over - 0 runs, 1 hit, 0 errors, 2 left on base; Tennessee 4 - Mississippi 1
Thursday, March 31st , 2022 - OOTP Baseball 22.12 Build 89